A+ CENTRAL
BELOIT SNAPPERS @ WISCONSIN TIMBER RATTLERS
04/19/2042
 
TOP OF THE 1ST
Beloit Snappers batting - Pitching for Wisconsin Timber Rattlers : LHP Juan Aldeagas
Pitching: LHP Juan Aldeagas
Batting: LHB Alfredo Ramos 0-0: Called Strike
0-1: Foul Ball, location: 5DF
0-2: Strikes out swinging
Batting: RHB Kevin Davis 0-0: Ball
1-0: Fly out, F9 (Flyball, 89D, EV 98.8 MPH)
Batting: RHB Ben Schneider 0-0: Ball
1-0: Called Strike
1-1: Ball
2-1: Foul Ball, location: 9LMF
2-2: Ground out 6-3 (Groundball, 6MD, EV 91.3 MPH)
Top of the 1st over - 0 runs, 0 hits, 0 errors, 0 left on base; Beloit 0 - Wisconsin 0
BOTTOM OF THE 1ST
Wisconsin Timber Rattlers batting - Pitching for Beloit Snappers : RHP António Mercado
Pitching: RHP António Mercado
Batting: RHB Joe Fields 0-0: Ball
1-0: Fly out, F8 (Flyball, 8RD, EV 100.6 MPH)
Batting: RHB Joe Chandler 0-0: Called Strike
0-1: Ball
1-1: Called Strike
1-2: Ball
2-2: Ball
3-2: Strikes out swinging
Batting: LHB Jerry Hobbs 0-0: Ball
1-0: Ball
2-0: Called Strike
2-1: Called Strike
2-2: Foul Ball, location: 7LDF
2-2: Fly out, F7 (Flyball, 7LS, EV 90.0 MPH)
Bottom of the 1st over - 0 runs, 0 hits, 0 errors, 0 left on base; Beloit 0 - Wisconsin 0
TOP OF THE 2ND
Beloit Snappers batting - Pitching for Wisconsin Timber Rattlers : LHP Juan Aldeagas
Batting: LHB Jon Bullock 0-0: Called Strike
0-1: Foul Ball, location: 23F
0-2: Strikes out swinging
Batting: RHB Freddy Murphy 0-0: Ball
1-0: Ball
2-0: Ball
3-0: Called Strike
3-1: Ground out 3-1 (Groundball, 34, EV 105.0 MPH)
Batting: RHB Jeff Baird 0-0: Ball
1-0: Called Strike
1-1: Ground out 6-3 (Groundball, 6, EV 87.5 MPH)
Top of the 2nd over - 0 runs, 0 hits, 0 errors, 0 left on base; Beloit 0 - Wisconsin 0
BOTTOM OF THE 2ND
Wisconsin Timber Rattlers batting - Pitching for Beloit Snappers : RHP António Mercado
Batting: RHB Bobby McClure 0-0: Called Strike
0-1: Foul Ball, location: 7LMF
0-2: Ball
1-2: Foul Ball, location: 5F
1-2: Ground out 5-3 (Groundball, 56S, EV 83.8 MPH)
Batting: RHB Albert Palácios 0-0: Ball
1-0: Swinging Strike
1-1: Ball
2-1: Swinging Strike
2-2: Strikes out swinging
Batting: RHB Steve Ervin 0-0: Ball
1-0: Ground out 3-1 (Groundball, 34S, EV 77.5 MPH)
Bottom of the 2nd over - 0 runs, 0 hits, 0 errors, 0 left on base; Beloit 0 - Wisconsin 0
TOP OF THE 3RD
Beloit Snappers batting - Pitching for Wisconsin Timber Rattlers : LHP Juan Aldeagas
Batting: LHB Manny Huertas 0-0: Ball
1-0: Ball
2-0: Foul Ball, location: 2F
2-1: Foul Ball, location: 2F
2-2: Strikes out swinging
Batting: SHB Pepe Ramos 0-0: Called Strike
0-1: Ball
1-1: Ball
2-1: Swinging Strike
2-2: Ball
3-2: Strikes out looking
Batting: RHB Kevin Campden 0-0: Foul Ball, location: 2F
0-1: Ball
1-1: Foul Ball, location: 25FF
1-2: Ball
2-2: Foul Ball, location: 25F
2-2: Ground out U3 (Groundball, 34S, EV 68.1 MPH)
Top of the 3rd over - 0 runs, 0 hits, 0 errors, 0 left on base; Beloit 0 - Wisconsin 0
BOTTOM OF THE 3RD
Wisconsin Timber Rattlers batting - Pitching for Beloit Snappers : RHP António Mercado
Batting: RHB Bob Crawford 0-0: Ball
1-0: Swinging Strike
1-1: Swinging Strike
1-2: Fly out, F7 (Flyball, 78S, EV 91.9 MPH)
Batting: LHB Juan García 0-0: Ball
1-0: Called Strike
1-1: Called Strike
1-2: Foul Ball, location: 2F
1-2: SINGLE (Line Drive, 3L, EV 96.9 MPH)
Batting: RHB Mauro Martínez 0-0: Ball
1-0: SINGLE (Groundball, 34S, EV 64.4 MPH) (infield hit)
Juan García to second
Batting: RHB Joe Fields 0-0: Fielders Choice at 2nd, 5-4 (Groundball, 56S, EV 88.8 MPH)
Juan García to third
Batting: RHB Joe Chandler 0-0: Ball
Joe Fields steals 2nd base
1-0: Ground out 5-3 (Groundball, 56S, EV 78.8 MPH)
Bottom of the 3rd over - 0 runs, 2 hits, 0 errors, 2 left on base; Beloit 0 - Wisconsin 0
TOP OF THE 4TH
Beloit Snappers batting - Pitching for Wisconsin Timber Rattlers : LHP Juan Aldeagas
Batting: LHB Alfredo Ramos 0-0: Fly out, F9 (Flyball, 9LMF, EV 100.0 MPH)
Batting: RHB Kevin Davis 0-0: Called Strike
0-1: Ball
1-1: Ball
2-1: Foul Ball, location: 9LMF
2-2: Foul Ball, location: 2F
2-2: SINGLE (Line Drive, 78M, EV 84.4 MPH)
Batting: RHB Ben Schneider 0-0: Ball
Kevin Davis is caught stealing 2nd base 2-4
1-0: Foul Ball, location: 2F
1-1: Ball
2-1: Ball
3-1: Foul Ball, location: 5F
3-2: Ground out 6-3 (Groundball, 6, EV 90.0 MPH)
Top of the 4th over - 0 runs, 1 hit, 0 errors, 0 left on base; Beloit 0 - Wisconsin 0
BOTTOM OF THE 4TH
Wisconsin Timber Rattlers batting - Pitching for Beloit Snappers : RHP António Mercado
Batting: LHB Jerry Hobbs 0-0: Foul Ball, location: 25FF
0-1: Fly out, F7 (Line Drive, 7S, EV 95.6 MPH)
Batting: RHB Bobby McClure 0-0: Called Strike
0-1: SOLO HOME RUN (Flyball, 7D, EV 96.3 MPH), Distance : 367 ft
Batting: RHB Albert Palácios 0-0: Ground out 6-3 (Groundball, 6, EV 102.5 MPH)
Batting: RHB Steve Ervin 0-0: Ball
1-0: Ball
2-0: Called Strike
2-1: Ball
3-1: SINGLE (Line Drive, 34D, EV 100.0 MPH)
Batting: RHB Bob Crawford 0-0: Ball
1-0: Ground out 4-3 (Groundball, 4, EV 104.4 MPH)
Bottom of the 4th over - 1 run, 2 hits, 0 errors, 1 left on base; Beloit 0 - Wisconsin 1
TOP OF THE 5TH
Beloit Snappers batting - Pitching for Wisconsin Timber Rattlers : LHP Juan Aldeagas
Batting: LHB Jon Bullock 0-0: Called Strike
0-1: Ball
1-1: Foul Ball, location: 5SF
1-2: Foul Ball, location: 25F
1-2: Ball
2-2: Strikes out swinging
Batting: RHB Freddy Murphy 0-0: Called Strike
0-1: Ball
1-1: Swinging Strike
1-2: Strikes out swinging
Batting: RHB Jeff Baird 0-0: Foul Ball, location: 9LMFF
0-1: Ball
1-1: Ball
2-1: Foul Ball, location: 2F
2-2: Fly out, F8 (Flyball, 8LM, EV 89.4 MPH)
Top of the 5th over - 0 runs, 0 hits, 0 errors, 0 left on base; Beloit 0 - Wisconsin 1
BOTTOM OF THE 5TH
Wisconsin Timber Rattlers batting - Pitching for Beloit Snappers : RHP António Mercado
Batting: LHB Juan García 0-0: Called Strike
0-1: Ball
1-1: Swinging Strike
1-2: Ball
2-2: Fly out, F9 (Flyball, 89M, EV 95.6 MPH)
Batting: RHB Mauro Martínez 0-0: Called Strike
0-1: Swinging Strike
0-2: Ball
1-2: Foul Ball, location: 7LMF
1-2: Strikes out swinging
Batting: RHB Joe Fields 0-0: Ball
1-0: Called Strike
1-1: Foul Ball, location: 2F
1-2: Strikes out swinging
Bottom of the 5th over - 0 runs, 0 hits, 0 errors, 0 left on base; Beloit 0 - Wisconsin 1
TOP OF THE 6TH
Beloit Snappers batting - Pitching for Wisconsin Timber Rattlers : LHP Juan Aldeagas
Batting: LHB Manny Huertas 0-0: Called Strike
0-1: Fly out, F9 (Flyball, 9D, EV 103.1 MPH)
Batting: SHB Pepe Ramos 0-0: Foul Ball, location: 2F
0-1: Foul Ball, location: 5FF
0-2: Strikes out swinging, 2-3 out at first.
Batting: RHB Kevin Campden 0-0: Swinging Strike
0-1: Foul Ball, location: 23F
0-2: Ball
1-2: Strikes out swinging
Top of the 6th over - 0 runs, 0 hits, 0 errors, 0 left on base; Beloit 0 - Wisconsin 1
BOTTOM OF THE 6TH
Wisconsin Timber Rattlers batting - Pitching for Beloit Snappers : RHP António Mercado
Batting: RHB Joe Chandler 0-0: Ball
1-0: Foul Ball, location: 25F
1-1: Foul Ball, location: 25F
1-2: Fly out, F9 (Line Drive, 89M, EV 90.6 MPH)
Batting: LHB Jerry Hobbs 0-0: Ball
1-0: Ball
2-0: Fly out, F8 (Flyball, 8LXD, EV 103.1 MPH)
Batting: RHB Bobby McClure 0-0: Called Strike
0-1: Swinging Strike
0-2: Ball
1-2: Ball
2-2: Ball
3-2: Strikes out swinging
Bottom of the 6th over - 0 runs, 0 hits, 0 errors, 0 left on base; Beloit 0 - Wisconsin 1
TOP OF THE 7TH
Beloit Snappers batting - Pitching for Wisconsin Timber Rattlers : LHP Juan Aldeagas
Pinch Hitting: RHB Juan Castro 0-0: Ball
1-0: Called Strike
1-1: Foul Ball, location: 5DF
1-2: Foul Ball, location: 9LMF
1-2: Strikes out looking
Batting: RHB Kevin Davis 0-0: Ball
1-0: Foul Ball, location: 5F
1-1: Ball
2-1: SINGLE (Groundball, 56, EV 80.6 MPH)
Batting: RHB Ben Schneider 0-0: Ball
Kevin Davis is caught stealing 2nd base 2-4
1-0: Ball
2-0: Foul Ball, location: 25F
2-1: Ball
3-1: Ground out 6-3 (Groundball, 6, EV 99.4 MPH)
Top of the 7th over - 0 runs, 1 hit, 0 errors, 0 left on base; Beloit 0 - Wisconsin 1
BOTTOM OF THE 7TH
Wisconsin Timber Rattlers batting - Pitching for Beloit Snappers : RHP António Mercado
Now in CF: César Galván
Batting: RHB Albert Palácios 0-0: Called Strike
0-1: DOUBLE (Flyball, 8RXD, EV 102.5 MPH)
Batting: RHB Steve Ervin 0-0: Fly out, F7 (Flyball, 7D, EV 103.1 MPH)
Batting: RHB Bob Crawford 0-0: Foul Ball, location: 9LDF
0-1: Ball
1-1: Ball
2-1: Ball
3-1: Swinging Strike
3-2: Base on Balls
Pitching: LHP Ethan Hale
Batting: LHB Juan García 0-0: Ball
1-0: Called Strike
1-1: Ball
2-1: Ball
3-1: Swinging Strike
3-2: Fly out, F8 (Flyball, 89XD, EV 99.4 MPH)
Batting: RHB Mauro Martínez 0-0: Ball
1-0: Fielders Choice at 2nd, 6-4 (Groundball, 6, EV 80.6 MPH)
Bottom of the 7th over - 0 runs, 1 hit, 0 errors, 2 left on base; Beloit 0 - Wisconsin 1
TOP OF THE 8TH
Beloit Snappers batting - Pitching for Wisconsin Timber Rattlers : LHP Juan Aldeagas
Pinch Hitting: RHB Merlin Lucas 0-0: Called Strike
0-1: Ball
1-1: Ball
2-1: Ball
3-1: SINGLE (Line Drive, 8LS, EV 89.4 MPH)
Batting: RHB Freddy Murphy 0-0: Ball
1-0: Foul Ball, location: 3FF
1-1: Called Strike
1-2: Strikes out swinging
Batting: RHB Jeff Baird 0-0: Called Strike
0-1: Ball
1-1: Foul Ball, location: 2F
1-2: Ball
2-2: Strikes out swinging
Pinch Hitting: RHB Jeff Barr 0-0: Foul Ball, location: 25FF
0-1: Swinging Strike
0-2: Ball
1-2: Ball
2-2: Foul Ball, location: 9LMF
2-2: 2-RUN HOME RUN (Flyball, 89XD, EV 110.6 MPH), Distance : 422 ft
Batting: SHB Pepe Ramos 0-0: Called Strike
0-1: Called Strike
0-2: Strikes out swinging
Top of the 8th over - 2 runs, 2 hits, 0 errors, 0 left on base; Beloit 2 - Wisconsin 1
BOTTOM OF THE 8TH
Wisconsin Timber Rattlers batting - Pitching for Beloit Snappers : LHP Ethan Hale
Now at 3B: Tony Sánchez
Now at SS: Dan MacGregor
Batting: RHB Joe Fields 0-0: SINGLE (Groundball, 4MD, EV 95.0 MPH)
Batting: RHB Joe Chandler 0-0: Ball
1-0: Swinging Strike
1-1: SINGLE (Line Drive, 34D, EV 96.3 MPH)
Joe Fields to second
Runner from 2nd tries for 3rd, OUT! 9-5
Pinch Hitting: RHB Steve Ferrell 0-0: Called Strike
0-1: Swinging Strike
0-2: Ball
1-2: Ball
2-2: Grounds into double play, 6-4-3 (Groundball, 6, EV 100.6 MPH)
Bottom of the 8th over - 0 runs, 2 hits, 0 errors, 0 left on base; Beloit 2 - Wisconsin 1
TOP OF THE 9TH
Beloit Snappers batting - Pitching for Wisconsin Timber Rattlers : LHP Juan Aldeagas
Pitching: RHP Don Thompson
Now in RF: Víctor Rodríguez
Batting: LHB Bob Wilson 0-0: Called Strike
0-1: Swinging Strike
0-2: Foul Ball, location: 2F
0-2: Ball
1-2: Foul Ball, location: 2F
1-2: Foul Ball, location: 3F
1-2: Foul Ball, location: 2F
1-2: Ball
2-2: Strikes out looking
Batting: LHB César Galván 0-0: SINGLE (Groundball, 4MD, EV 97.5 MPH)
Batting: RHB Kevin Davis 0-0: Called Strike
César Galván steals 2nd base
0-1: Ground out 5-3 (Groundball, 56, EV 85.6 MPH)
Batting: RHB Ben Schneider 0-0: Ball
1-0: Ball
2-0: Foul Ball, location: 2F
2-1: Swinging Strike
2-2: Ball
3-2: Strikes out looking
Top of the 9th over - 0 runs, 1 hit, 0 errors, 1 left on base; Beloit 2 - Wisconsin 1
BOTTOM OF THE 9TH
Wisconsin Timber Rattlers batting - Pitching for Beloit Snappers : LHP Ethan Hale
Pitching: RHP Jeff Whitehead
Now in RF: Juan Molina
Batting: LHB Augusto Ávila 0-0: Foul Ball, location: 2LF
0-1: Foul Ball, location: 2F
0-2: Ball
1-2: SINGLE (Line Drive, 89D, EV 110.6 MPH)
Batting: RHB Albert Palácios 0-0: Foul Ball, location: 3F
0-1: Foul Ball, location: 5FF
0-2: Fly out, F8 (Flyball, 8RD, EV 100.0 MPH)
Batting: RHB Steve Ervin 0-0: Ball
1-0: Ball
2-0: Called Strike
2-1: Called Strike
2-2: Grounds into double play, 6-4-3 (Groundball, 6, EV 89.4 MPH)
Bottom of the 9th over - 0 runs, 1 hit, 0 errors, 0 left on base; Beloit 2 - Wisconsin 1
Monday, April 29th , 2024 - OOTP Baseball 24.10 Build 82